 Dungeon Crawl Stone Soup version 0.29.1-2-gbd0b4ee654 (webtiles) character file.

Game seed: 2331547158136706784

96 Spinowolf the Stinger (level 4, -6/45 HPs)
             Began as a Demonspawn Venom Mage on Oct 23, 2022.
             Was a Follower of Qazlal.
             Mangled by a gnoll
             ... wielding a +0 flail
              (8 damage)
             ... on level 3 of the Dungeon.
             The game lasted 00:43:07 (2388 turns).

Spinowolf the Stinger (Demonspawn Venom Mage)       Turns: 2388, Time: 00:43:07

Health: -6/45      AC:  7    Str:  8    XL:     4   Next: 41%
Magic:  6/8        EV:  8    Int: 16    God:    Qazlal [*.....]
Gold:   123        SH:  2    Dex: 14    Spells: 4/8 levels left

rFire   . . .      SeeInvis .   (no weapon)
rCold   . . .      Faith    .   (no shield)
rNeg    . . .      Spirit   .   g - +0 scale mail
rPois   +          Reflect  .   i - +0 helmet
rElec   .          Harm     .   (no cloak)
rCorr   .          Rampage  .   (no gloves)
Will    .....      Rage     3%  (no boots)
Stlth   ..........              (no amulet)
HPRegen 0.15/turn               h - ring of poison resistance
MPRegen 0.11/turn               (no ring)

@: berserking, very slightly contaminated, very quick
A: claws 1, foul stench 1, berserk 1, dopey 1
a: Renounce Religion


You were on level 3 of the Dungeon.
You worshipped Qazlal.
Qazlal was aware of your devotion.
You visited 1 branch of the dungeon, and saw 3 of its levels.

You collected 123 gold pieces.

Inventory:

Hand Weapons
 d - a +0 vorpal mace
Armour
 a - a +0 robe
 c - a +0 robe
 g - a +0 scale mail (worn)
 i - a +0 helmet (worn)
 o - a +0 buckler
Jewellery
 h - a ring of poison resistance (left claw)
Scrolls
 e - a scroll of summoning {unknown}
 f - a scroll of brand weapon
 j - a scroll of identify {unknown}
 l - a scroll of teleportation {unknown}
 n - a scroll of poison {unknown}
Potions
 k - a potion of mutation


   Skills:
 - Level 1.1 Maces & Flails
 + Level 2.1 Dodging
 + Level 2.2 Stealth
 * Level 0.2 Unarmed Combat
 + Level 2.7 Spellcasting
 + Level 1.3 Transmutations
 + Level 3.7 Poison Magic


You had 4 spell levels left.
You knew the following spells:

 Your Spells              Type           Power      Damage    Failure   Level
a - Sting                 Tmut/Pois      40%        1d5       56%         1
b - Mephitic Cloud        Conj/Pois/Air  6%         N/A       98%         3

Your spell library contained the following spells:

 Spells                   Type           Power      Damage    Failure   Level
 Poisonous Vapours        Pois/Air       16%        N/A       80%         2
 Olgreb's Toxic Radiance  Pois           14%        N/A       99%         4
 Summon Forest            Summ/Tloc      1%         N/A       100%        5
 Summon Mana Viper        Hex/Summ       2%         N/A       100%        5
 Summon Cactus Giant      Summ           1%         N/A       100%        6


Dungeon Overview and Level Annotations

Branches:
Dungeon (3/15)

Altars:
Qazlal

Shops:
D:1 (


Innate Abilities, Weirdness & Mutations

You have sharp fingernails.
You may rarely emit foul miasma when damaged in melee.
You sometimes lose your temper in combat.
You are dopey. (Int -2)


Message History

You scratch the gnoll but do no damage.
The gnoll is moderately wounded.
The gnoll hits you with a +0 flail!
* * * LOW HITPOINT WARNING * * *
You scratch the gnoll.
The gnoll is heavily wounded.
You block the gnoll's attack.
Casting: Sting (safe; 56% risk of failure)
Confirm with . or Enter, or press ? or * to list all spells.
Aiming: Sting (safe; 56% risk of failure)
Press: ? - help, Shift-Dir - straight line, f/p - gnoll
Aim: a gnoll, wielding a +0 flail (heavily wounded, 75% to hit)
You miscast Sting.
You are very lightly contaminated with residual magic.
Nothing appears to happen.
The gnoll hits you with a +0 flail.
* * * LOW HITPOINT WARNING * * *
You feel better. The gnoll hits you with a +0 flail!
* * * LOW HITPOINT WARNING * * *
You scratch the gnoll.
The gnoll is heavily wounded.
The gnoll hits you but does no damage.
You closely miss the gnoll.
The gnoll is heavily wounded.
The gnoll closely misses you.
You closely miss the gnoll.
The gnoll is heavily wounded.
The gnoll hits you but does no damage.
Casting: Sting (safe; 56% risk of failure)
Confirm with . or Enter, or press ? or * to list all spells.
Aiming: Sting (safe; 56% risk of failure)
Press: ? - help, Shift-Dir - straight line, f/p - gnoll
Aim: a gnoll, wielding a +0 flail (heavily wounded, 75% to hit)
You miscast Sting.
Nothing appears to happen.
The gnoll closely misses you. The gnoll attacks as you move away!
The gnoll hits you with a +0 flail.
* * * LOW HITPOINT WARNING * * *
A red film seems to cover your vision as you go berserk!
You feel yourself moving faster!
You feel mighty!
You scratch the gnoll.
The gnoll is severely wounded.
The gnoll hits you with a +0 flail!
You die...

###### #....# #### #....#
..... #....#
.....#################....#
g......))g@................
.g.....)######......##....#
.......$# #......#######
........# ####...# #
#......(# #...# # #....##.#
#...# #.... #.# ##### #.##
#.# .. #..


You could see a gnoll.

Vanquished Creatures
  2 gnolls (D:3)
  2 adders
  2 dart slugs (D:1)
  An orc (D:3)
  8 endoplasms
  3 giant cockroaches (D:1)
  6 hobgoblins
  4 kobolds
  5 quokkas (D:1)
  6 ball pythons
  5 bats
  3 frilled lizards
  A goblin (D:1)
  3 rats (D:2)
51 creatures vanquished.

Notes
Turn   | Place    | Note
-------+----------+-------------------------------------------
     0 | D:1      | Spinowolf the Demonspawn Venom Mage began the quest for the
                  | Orb.
     0 | D:1      | Reached XP level 1. HP: 13/13 MP: 3/3
   548 | D:1      | Reached skill level 1 in Transmutations
   550 | D:1      | Gained mutation: You may rarely emit foul miasma when
                  | damaged in melee. [demonic ancestry]
   550 | D:1      | Reached XP level 2. HP: 4/19 MP: 1/5
   891 | D:1      | Found Ewuiz's Antique Weapon Emporium.
   995 | D:1      | Reached XP level 3. HP: 16/24 MP: 0/6
  1072 | D:1      | Learned a level 3 spell: Mephitic Cloud
  1157 | D:1      | Found a faded altar of an unknown god.
  1206 | D:1      | Prayed at the altar of an unknown god.
  1206 | D:1      | Became a worshipper of Qazlal Stormbringer
  1206 | D:1      | Reached * piety under Qazlal
  1575 | D:2      | Reached skill level 1 in Maces & Flails
  1583 | D:2      | Gained mutation: You are dopey. (Int -2) [potion of
                  | mutation]
  1583 | D:2      | Gained mutation: You sometimes lose your temper in combat.
                  | [potion of mutation]
  2108 | D:2      | Upgraded the game from 0.29.1-1-gd02db6906a to
                  | 0.29.1-2-gbd0b4ee654
  2336 | D:3      | Gained mutation: You have sharp fingernails. [demonic
                  | ancestry]
  2336 | D:3      | Reached XP level 4. HP: 28/30 MP: 4/7
  2387 | D:3      | HP: 1/30 [gnoll/+0 flail (2)]
  2388 | D:3      | Mangled by a gnoll

Illustrated notes

Levels and vault maps discovered:
D:1:      wander_arrival_chamber, layout_basic, serial_shops, shop,
          shapermc_ecumenical_altar_starsandcircs
D:2:      layout_loops_ring
D:3:      layout_basic, uniq_grinder

Skill      XL: |  1  2  3 |
---------------+----------+-----
Transmutations | 1 |  1.3
Dodging        | 2 |  2.1
Maces & Flails | 1 |  1.1
Stealth        | 2 |  2.2
Unarmed Combat | |  0.2
Spellcasting   | |  2.7
Poison Magic   | |  3.7

Action                   |  1- 3 |  4- 6 || total
-------------------------+-------+-------++-------
Melee: Unarmed           |    15 |    22 ||    37
       Mace              |    67 |       ||    67
 Cast: Sting             |    41 |     3 ||    44
       Mephitic Cloud    |     1 |       ||     1
  Use: Scroll            |     3 |       ||     3
       Potion            |     1 |     3 ||     4
Armor: Robe              |    15 |       ||    15
       Scale mail        |    25 |     9 ||    34
Dodge: Dodged            |    64 |     7 ||    71
Block: Other             |       |     3 ||     3
